Map: Cactus Valley LE (Void)

Players

Railgan

  • Race: Zerg Zerg
  • League: Master
  • Spawn Location: 5:00

FeaR - Winner!

  • Race: Protoss Protoss
  • League: Grandmaster
  • Spawn Location: 1:00

VOD

Have the link to the VOD?

Description

Time

  • Played on: March 1, 2017, 3:31 p.m.
  • Length: 15:20
Show
View Real Time Build Order
Export as new Build Order

Railgan Zerg 

Build Orders: Hatch First, Swarm Host 

Get SALT Encoding   

  12  0:01  Drone  
  13  0:12  Overlord  
  13  0:18  Drone  
  14  0:30  Drone  
  14  0:31  Drone  
  14  0:35  Drone  
  17  0:54  Hatchery  
  17  0:56  Drone  
  17  0:59  Drone  
  18  1:09  Extractor  
  17  1:16  Spawning Pool  
  16  1:19  Drone  
  16  1:20  Drone  
  18  1:28  Drone  
  19  1:38  Drone  
  20  1:51  Overlord  
  20  2:03  Queen  
  20  2:06  Queen  
  20  2:08  Drone, Zergling x2  
  25  2:12  Drone  
  27  2:17  Drone  
  27  2:19  Metabolic Boost  
  28  2:25  Drone  
  29  2:31  Drone  
  30  2:37  Overlord  
  30  2:43  Evolution Chamber  
  30  2:44  Queen x2  
  29  2:50  Drone  
  34  2:54  Drone  
  34  2:59  Zergling x4  
  34  3:00  Zergling x2  
  37  3:05  Zergling x2  
  37  3:10  Drone  
  39  3:13  Drone x2  
  39  3:16  Drone x2  
  39  3:18  Zerg Melee Weapons Level 1  
  39  3:19  Drone  
  44  3:24  Overlord  
  44  3:38  Overlord  
  44  3:39  Extractor  
  44  3:41  Extractor, Drone x2  
  43  3:44  Lair  
  43  3:45  Drone  
  45  3:54  Drone x5  
  50  3:57  Drone  
  48  4:04  Drone  
  48  4:05  Drone x3  
  52  4:17  Roach Warren, Drone x2  
  52  4:33  Overlord  
  52  4:37  Zergling x6  
  55  4:40  Zergling x4  
  55  4:41  Zergling x2  
  55  4:42  Queen  
  55  4:43  Extractor  
  55  4:44  Hatchery  
  58  4:46  Queen  
  58  4:52  Zergling x6  
  63  4:56  Overseer  
  63  5:07  Overlord  
  63  5:11  Baneling Nest  
  62  5:17  Zerg Melee Weapons Level 2  
  62  5:26  Roach x7  
  75  5:36  Drone x2  
  75  5:38  Overlord  
  74  5:46  Drone x3  
  75  5:52  Drone  
  75  5:55  Overlord  
  75  5:59  Drone x2  
  75  6:00  Infestation Pit  
  75  6:01  Drone x2  
  75  6:02  Drone  
  77  6:08  Queen  
  77  6:09  Drone x4  
  83  6:15  Drone  
  83  6:18  Centrifical Hooks  
  84  6:24  Drone  
  85  6:32  Overlord  
  85  6:34  Drone x6  
  85  6:39  Spore Crawler  
  89  6:42  Overseer  
  89  6:44  Drone x5  
  92  6:57  Swarm Host x4  
  92  6:59  Overlord  
  92  7:00  Overlord  
  104  7:03  Overlord  
  104  7:08  Extractor  
  103  7:18  Swarm Host x6  
  121  7:23  Baneling x9  
  121  7:25  Zergling x2  
  121  7:27  Zergling x2  
  123  7:32  Zergling x10  
  123  7:35  Zergling x4  
  130  7:43  Overlord x2  
  130  7:44  Overlord  
  130  7:45  Baneling x2  
  130  7:46  Baneling x3, Overlord  
  123  8:07  Zergling x10  
  123  8:12  Zergling x2  
  129  8:13  Swarm Host x5  
  129  8:16  Zergling x8  
  129  8:17  Zergling x2  
  149  8:23  Extractor  
  136  8:43  Zergling x2  
  136  8:49  Drone  
  136  8:50  Drone x3  
  136  8:51  Drone x2  
  136  8:52  Swarm Host x5  
  157  8:57  Overlord  
  157  8:58  Zergling x2  
  157  8:59  Zergling x8  
  155  9:10  Zergling x6  
  155  9:13  Zerg Missile Weapons Level 1  
  158  9:18  Baneling  
  158  9:19  Baneling x7  
  152  9:26  Hatchery  
  152  9:29  Zergling x6  
  145  9:40  Zergling x2  
  145  9:41  Zergling x16  
  150  9:46  Zergling x14  
  150  9:51  Hive  
  153  9:59  Baneling  
  153  10:00  Baneling x9, Ravager x3  
  153  10:02  Zergling x2  
  153  10:03  Zergling x4  
  153  10:05  Zergling x2  
  160  10:08  Overseer  
  160  10:10  Zergling x2  
  161  10:20  Zergling x2  
  156  10:25  Zergling x10  
  156  10:26  Zergling x2  
  151  10:34  Zergling x2  
  151  10:35  Zergling x8  
  145  10:42  Zergling x6  
  133  10:47  Roach x3  
  133  10:48  Baneling x4  
  133  10:49  Zergling x4  
  138  10:55  Zergling x2  
  133  11:09  Hydralisk Den, Zergling x2  
  133  11:10  Ultralisk Cavern, Zergling x6  
  135  11:11  Zerg Melee Weapons Level 3  
  135  11:12  Baneling x5  
  135  11:13  Baneling x3  
  135  11:14  Adrenal Glands  
  135  11:15  Drone x2  
  137  11:19  Queen  
  137  11:20  Queen  
  137  11:21  Hatchery, Queen  
  142  11:26  Zergling x2  
  142  11:27  Zergling x6  
  146  11:34  Hatchery  
  143  11:53  Hatchery  
  141  12:00  Ultralisk x3  
  153  12:07  Chitinous Plating  
  153  12:08  Zergling x10  
  158  12:19  Zergling x4  
  158  12:20  Baneling  
  158  12:21  Baneling x8  
  158  12:22  Zergling x14  
  161  12:31  Overlord  
  161  12:34  Ultralisk  
  167  12:56  Ultralisk  
  167  12:58  Hatchery  
  155  13:10  Ultralisk  
  143  13:16  Ultralisk  
  143  13:22  Zergling x2  
  143  13:26  Zergling x10  
  146  13:45  Hatchery  
  145  14:01  Baneling x10  
  145  14:07  Viper  
  145  14:09  Viper  
  135  14:28  Zergling x2  
  135  14:29  Zergling x8  
  140  14:39  Viper  
Show
View Real Time Build Order
Export as new Build Order

FeaR Protoss - Winner!

Build Orders: 1 Gate Expand 

Get SALT Encoding   

  12  0:01  Probe (Chrono Boost)  
  13  0:11  Probe (Chrono Boost)  
  14  0:20  Pylon  
  14  0:22  Probe (Chrono Boost)  
  15  0:38  Gateway, Probe (Chrono Boost)  
  16  0:46  Assimilator  
  16  0:49  Probe (Chrono Boost)  
  17  1:00  Probe (Chrono Boost)  
  18  1:10  Probe (Chrono Boost)  
  19  1:23  Nexus  
  20  1:25  Probe (Chrono Boost)  
  20  1:35  Cybernetics Core  
  20  1:39  Probe (Chrono Boost)  
  21  1:44  Assimilator  
  21  1:50  Probe (Chrono Boost)  
  22  1:56  Pylon  
  22  2:00  Probe (Chrono Boost)  
  23  2:11  Adept  
  23  2:13  Warp Gate  
  26  2:16  Probe (Chrono Boost)  
  26  2:21  Twilight Council  
  26  2:28  Probe (Chrono Boost)  
  27  2:35  Probe (Chrono Boost)  
  28  2:37  Stalker  
  28  2:39  Probe (Chrono Boost)  
  31  2:45  Probe (Chrono Boost)  
  31  2:49  Probe (Chrono Boost)  
  33  2:56  Probe (Chrono Boost)  
  34  2:59  Resonating Glaives  
  34  3:00  Probe (Chrono Boost)  
  35  3:06  Probe (Chrono Boost)  
  35  3:10  Gateway  
  36  3:16  Gateway  
  36  3:17  Probe (Chrono Boost)  
  38  3:20  Probe (Chrono Boost)  
  38  3:27  Probe (Chrono Boost)  
  38  3:30  Probe (Chrono Boost)  
  38  3:31  Robotics Facility  
  40  3:38  Pylon, Probe (Chrono Boost)  
  40  3:41  Probe (Chrono Boost)  
  44  3:49  Mothership Core (Chrono Boost)  
  44  3:51  Probe (Chrono Boost)  
  42  4:05  Probe (Chrono Boost)  
  42  4:07  Probe (Chrono Boost)  
  42  4:16  Probe (Chrono Boost)  
  43  4:17  Adept x2, Probe (Chrono Boost)  
  43  4:19  Adept  
  43  4:23  Warp Prism  
  52  4:26  Probe (Chrono Boost)  
  53  4:32  Pylon, Probe (Chrono Boost)  
  53  4:33  Pylon  
  54  4:41  Nexus  
  54  4:50  Adept x3, Probe (Chrono Boost)  
  54  4:52  Probe (Chrono Boost)  
  62  4:59  Assimilator  
  62  5:00  Probe (Chrono Boost)  
  62  5:03  Assimilator  
  62  5:04  Probe (Chrono Boost)  
  64  5:07  Pylon  
  64  5:11  Probe (Chrono Boost)  
  65  5:15  Probe (Chrono Boost)  
  65  5:21  Adept x2  
  70  5:24  Pylon  
  70  5:25  Probe (Chrono Boost)  
  70  5:26  Probe (Chrono Boost)  
  72  5:36  Probe (Chrono Boost)  
  72  5:40  Probe (Chrono Boost)  
  74  5:47  Immortal  
  74  5:49  Probe (Chrono Boost)  
  71  5:50  Probe (Chrono Boost), Sentry x3  
  71  5:54  Forge  
  71  5:55  Gateway  
  82  5:57  Gateway  
  82  5:59  Probe (Chrono Boost)  
  82  6:02  Probe x2 (Chrono Boost)  
  77  6:06  Gateway  
  77  6:08  Gateway  
  77  6:10  Probe (Chrono Boost)  
  78  6:13  Probe (Chrono Boost)  
  78  6:14  Probe (Chrono Boost)  
  78  6:15  Sentry x3  
  86  6:20  Probe (Chrono Boost)  
  86  6:22  Immortal  
  86  6:24  Probe (Chrono Boost)  
  87  6:27  Probe (Chrono Boost)  
  87  6:32  Pylon  
  91  6:36  Probe x2 (Chrono Boost)  
  93  6:41  Adept  
  93  6:42  Adept x2  
  93  6:46  Probe (Chrono Boost)  
  101  6:48  Probe (Chrono Boost)  
  101  6:49  Protoss Ground Weapons Level 1, Assimilator  
  101  6:51  Probe (Chrono Boost)  
  101  6:52  Assimilator  
  101  6:53  Pylon, Gateway  
  102  6:56  Sentry x2  
  102  6:58  Observer  
  107  7:07  Adept  
  109  7:14  Photon Cannon, Charge  
  109  7:17  Zealot, Photon Cannon  
  109  7:20  Zealot, Photon Cannon  
  113  7:29  Templar Archives, Immortal  
  117  7:41  Pylon  
  117  7:42  Pylon  
  117  7:56  Adept  
  113  8:12  Sentry  
  113  8:13  Sentry x5  
  113  8:15  Probe (Chrono Boost)  
  113  8:16  Probe (Chrono Boost)  
  113  8:17  Robotics Facility  
  127  8:22  Immortal  
  131  8:32  Adept  
  125  8:50  Zealot x2  
  125  8:51  Zealot x2  
  125  8:53  Pylon  
  133  8:56  Pylon  
  133  8:58  Psionic Storm  
  133  9:06  Immortal  
  133  9:07  Immortal  
  133  9:13  Photon Cannon  
  133  9:15  Photon Cannon  
  133  9:28  High Templar x4  
  133  9:29  Zealot x4  
  141  9:33  Photon Cannon  
  141  9:34  Archon x2  
  141  9:35  Photon Cannon  
  141  9:37  Photon Cannon  
  125  9:39  Photon Cannon  
  125  9:41  Mothership Core (Chrono Boost)  
  105  9:47  Immortal x2  
  105  9:49  Protoss Ground Weapons Level 2  
  113  9:54  Gateway  
  113  9:56  Gateway  
  113  9:59  High Templar x2  
  117  10:00  Gateway  
  117  10:05  Archon  
  117  10:10  Nexus  
  117  10:11  Pylon, Photon Cannon  
  117  10:13  Pylon  
  117  10:19  Zealot x5  
  113  10:34  Zealot x3  
  94  10:40  High Templar x2  
  94  10:41  Zealot  
  94  10:42  Zealot x2  
  103  10:44  Probe (Chrono Boost), Archon  
  103  10:45  Probe (Chrono Boost)  
  103  10:46  Probe (Chrono Boost)  
  104  11:01  High Templar x2  
  104  11:02  Zealot x4  
  116  11:05  Archon  
  116  11:06  Probe (Chrono Boost)  
  116  11:07  Probe (Chrono Boost)  
  119  11:12  Probe (Chrono Boost)  
  119  11:14  Pylon  
  119  11:15  Zealot, Pylon  
  119  11:16  Zealot x4  
  119  11:17  Pylon, Immortal x2  
  137  11:26  Zealot, Sentry  
  137  11:27  Zealot x2  
  137  11:30  Probe (Chrono Boost)  
  137  11:31  Probe (Chrono Boost)  
  148  11:34  Probe (Chrono Boost)  
  148  11:36  Probe (Chrono Boost)  
  149  11:43  Probe (Chrono Boost)  
  146  11:47  High Templar  
  146  11:48  High Templar  
  146  11:52  Archon  
  142  12:01  Zealot x4  
  142  12:02  Zealot x2  
  142  12:04  High Templar  
  142  12:05  High Templar  
  158  12:09  Archon  
  158  12:17  Probe (Chrono Boost)  
  158  12:18  Probe (Chrono Boost)  
  158  12:19  Assimilator  
  142  12:23  Assimilator  
  142  12:28  Photon Cannon, High Templar  
  142  12:29  Photon Cannon, High Templar x2  
  148  12:42  High Templar  
  150  12:44  Zealot  
  150  12:45  Zealot x3  
  158  12:52  Immortal x2  
  166  13:12  High Templar x2  
  158  13:13  High Templar  
  158  13:15  Zealot x6  
  174  13:29  Zealot x2  
  174  13:37  Immortal x2  
  174  13:40  Stargate  
  176  13:45  Pylon  
  176  13:46  High Templar  
  176  13:47  Pylon  
  174  14:06  Stalker  
  174  14:16  Immortal  
  174  14:17  Immortal  
  178  14:24  Zealot  
  178  14:25  Zealot x3  
  186  14:41  Dark Shrine  
  186  14:47  Fleet Beacon  
  186  14:49  Stargate  
  186  15:11  Archon x2  
  178  15:20  Zealot  
Tags
 
Add a new tag
Caveats
  • Supply blocks, unpowered buildings, or Contaminate may cause inaccurate times.
  • Supply counts are checked every 10 seconds.